Map: Ruby Rock LE

Players

Robb - Winner!

  • Race: Terran Terran
  • League: Diamond
  • Spawn Location: 5:00

Kan

  • Race: Zerg Zerg
  • League: Diamond
  • Spawn Location: 11:00

VOD

Have the link to the VOD?

Description

Time

  • Played on: May 24, 2026, 5:56 p.m.
  • Length: 14:41
Show
View Real Time Build Order
Export as new Build Order

Robb Terran - Winner!

Build Orders: Reaper Expand 

Get SALT Encoding   

  12  0:02  SCV  
  13  0:15  SCV  
  13  0:18  Supply Depot  
  14  0:27  SCV  
  15  0:40  SCV  
  15  0:42  Barracks  
  16  0:44  Refinery  
  16  0:52  SCV  
  17  1:04  SCV  
  18  1:16  SCV  
  19  1:29  Orbital Command  
  19  1:30  Reaper  
  20  1:41  Command Center  
  20  1:51  Supply Depot  
  20  1:55  SCV  
  21  2:02  Marine  
  21  2:08  SCV  
  23  2:12  Factory  
  23  2:20  Refinery, SCV  
  24  2:32  SCV  
  25  2:44  SCV  
  25  2:45  Barracks Tech Lab  
  26  2:53  Orbital Command  
  26  2:56  Starport, SCV  
  26  2:58  Factory Reactor, Supply Depot  
  27  3:08  SCV  
  28  3:16  Marauder  
  30  3:21  SCV  
  32  3:27  SCV  
  32  3:28  Stimpack  
  32  3:33  SCV  
  33  3:35  Viking  
  33  3:36  Supply Depot, Hellion  
  33  3:39  SCV  
  40  3:41  Hellion  
  40  3:45  SCV  
  40  3:46  Marauder  
  43  3:51  SCV  
  44  3:57  SCV  
  44  3:59  Hellion  
  49  4:03  Hellion, SCV  
  49  4:06  Supply Depot  
  49  4:08  Marauder  
  49  4:09  Medivac, SCV  
  55  4:17  Armory  
  55  4:20  Hellion  
  57  4:29  Marauder, Hellion  
  57  4:30  SCV  
  62  4:31  SCV  
  63  4:41  Hellion  
  65  4:48  Liberator  
  65  4:49  SCV  
  69  5:01  SCV  
  69  5:07  Command Center, Barracks  
  70  5:10  Barracks  
  70  5:26  Engineering Bay x2  
  70  5:29  Supply Depot  
  70  5:30  Supply Depot  
  70  5:31  Refinery  
  70  5:33  Supply Depot  
  70  5:35  SCV x2, Marauder, Hellion x2  
  78  5:43  Starport Reactor  
  78  5:44  Concussive Shells  
  78  5:47  SCV  
  62  6:19  Hellion x2  
  62  6:21  Barracks Reactor x2  
  62  6:22  Orbital Command  
  62  6:23  Medivac x2, Marine  
  62  6:24  Barracks  
  71  6:27  SCV, Refinery  
  71  6:29  SCV  
  61  6:41  Marine  
  62  6:47  Orbital Command  
  62  6:48  Factory Tech Lab  
  62  6:52  SCV  
  62  6:53  Terran Infantry Weapons Level 1, Terran Infantry Armor Level 1  
  63  6:56  Medivac  
  63  6:59  Marauder  
  67  7:06  Marine  
  67  7:07  SCV, Marine x3  
  72  7:09  Siege Tank  
  72  7:13  SCV  
  72  7:14  Barracks Tech Lab  
  76  7:17  Combat Shield  
  76  7:20  Marine  
  77  7:23  Marine  
  77  7:25  Marine x3  
  79  7:36  Sensor Tower  
  78  7:41  Marine x4  
  80  7:50  Orbital Command  
  67  8:00  Marauder  
  67  8:15  Marine x3  
  67  8:17  Marine, Siege Tank  
  67  8:18  Marine x2  
  67  8:19  SCV x3  
  79  8:21  Marauder  
  81  8:29  Medivac x2  
  81  8:30  Barracks x2  
  81  8:31  Command Center, SCV, Barracks  
  81  8:33  Marine x3, Barracks  
  89  8:35  Marine  
  89  8:36  Marine x2  
  89  8:40  SCV x2  
  94  8:41  Sensor Tower  
  94  8:42  Marauder  
  94  8:43  SCV  
  97  8:50  Terran Infantry Weapons Level 2  
  97  8:51  Marine x3  
  97  8:53  Marine  
  97  8:54  Marine  
  102  8:56  Terran Infantry Armor Level 2  
  101  9:04  Marauder  
  89  9:25  Marauder  
  89  9:29  Marine x3  
  89  9:30  Marine x3  
  89  9:31  Barracks Tech Lab x4  
  85  9:43  SCV  
  85  9:44  SCV x3  
  89  9:46  Marauder  
  89  9:47  Marine x4  
  89  9:51  Marine x4, Marauder x2  
  103  9:53  Medivac  
  103  9:55  SCV  
  103  9:56  SCV x2  
  108  10:00  Planetary Fortress  
  108  10:04  Refinery  
  108  10:05  Marine  
  109  10:08  SCV x2, Marauder  
  109  10:09  Refinery, Marauder  
  109  10:10  Marine x3  
  100  10:29  Marauder  
  100  10:33  Marine  
  100  10:35  Marine x4  
  103  10:36  Marauder x4, Marine  
  112  10:49  Siege Tank  
  115  10:51  Marauder, Marine  
  115  10:52  Liberator x2, Marine  
  115  10:53  Marine x3  
  115  10:54  SCV x2, Marine  
  131  11:04  Supply Depot  
  131  11:05  Supply Depot  
  131  11:07  Supply Depot  
  131  11:09  Marine  
  131  11:11  Supply Depot  
  137  11:25  Marauder  
  137  11:26  Marauder x4  
  137  11:29  Marine x2  
  125  11:34  Liberator  
  125  11:35  Liberator  
  125  11:39  Terran Infantry Weapons Level 3, Terran Infantry Armor Level 3, Marine x2  
  119  11:47  Marauder x5  
  119  11:49  Marine x2  
  119  11:50  Marine x2  
  118  12:02  Marine x2  
  118  12:07  Marine  
  124  12:08  Marauder x5  
  120  12:20  Marine x5  
  124  12:24  Marine  
  124  12:27  Widow Mine, Medivac  
  139  12:30  Marauder x5  
  139  12:31  SCV x2  
  139  12:35  SCV  
  142  12:38  Marine x2  
  142  12:50  Marine x4  
  142  12:51  Marine, Marauder x4  
  128  13:02  Marine x2, Fusion Core  
  128  13:03  Siege Tank  
  121  13:08  Marine x4  
  121  13:09  Marauder  
  121  13:12  Marine, Marauder  
  134  13:13  Marauder x2  
  128  13:30  Marine x3, Marauder x2  
  128  13:31  Marine  
  128  13:32  Marine  
  128  13:34  Liberator x2, Marauder x3  
  138  13:35  Widow Mine  
  138  13:37  Starport, Marine  
  144  13:45  Refinery x2, Command Center  
  144  13:46  Supply Depot  
  144  13:47  Supply Depot  
  144  13:48  Supply Depot, Marine x3  
  144  13:49  Marine  
  144  13:52  Marauder x2  
  144  13:55  Marauder x3  
  155  13:56  Marine x2  
  155  13:57  Widow Mine  
  159  14:13  Marauder x2, Starport Reactor  
  159  14:16  Marine x2, Marauder  
  171  14:17  Marauder x2  
  171  14:18  Widow Mine  
Show
View Real Time Build Order
Export as new Build Order

Kan Zerg 

Build Orders: Hatch First 

Get SALT Encoding   

  12  0:00  Drone  
  13  0:10  Drone  
  14  0:14  Extractor  
  14  0:15  Drone  
  15  0:36  Hatchery  
  14  0:43  Extractor, Drone  
  14  0:48  Overlord  
  15  1:04  Spawning Pool  
  15  1:07  Drone  
  15  1:09  Drone  
  16  1:13  Drone  
  17  1:35  Drone x2  
  19  1:41  Drone  
  20  1:53  Queen x2  
  24  1:54  Drone x2  
  26  2:03  Drone x2  
  28  2:14  Hatchery  
  27  2:22  Overlord  
  26  2:37  Drone x2  
  28  2:45  Overlord  
  28  2:46  Drone  
  28  2:47  Drone  
  28  2:48  Drone  
  28  2:49  Queen  
  28  2:50  Overlord  
  33  2:54  Extractor  
  32  3:07  Drone x2  
  32  3:08  Drone  
  32  3:12  Drone x4  
  39  3:22  Drone  
  39  3:26  Queen  
  42  3:33  Extractor  
  41  3:39  Roach Warren  
  41  3:40  Evolution Chamber  
  41  3:41  Drone x4  
  41  3:42  Drone, Evolution Chamber  
  41  3:43  Drone x3  
  46  4:09  Drone x9  
  55  4:16  Overlord x3  
  55  4:19  Lair  
  55  4:29  Overlord  
  55  4:32  Overlord  
  55  4:33  Queen  
  55  4:34  Queen  
  59  4:50  Roach x9  
  70  5:06  Spore Crawler  
  69  5:12  Drone x8  
  77  5:17  Queen  
  77  5:20  Spore Crawler  
  78  5:29  Spore Crawler  
  78  5:30  Queen  
  79  5:36  Queen  
  79  5:38  Overlord  
  79  5:44  Roach  
  79  5:45  Overlord  
  79  5:46  Overlord x2  
  65  5:58  Overlord, Roach  
  65  5:59  Roach x4  
  69  6:05  Roach x3  
  69  6:06  Queen  
  71  6:14  Roach x5  
  77  6:19  Roach x2  
  77  6:20  Roach  
  77  6:24  Roach x2  
  87  6:29  Roach x2  
  87  6:32  Roach x2  
  93  6:37  Queen  
  95  6:41  Queen  
  97  6:50  Drone x7  
  104  7:07  Extractor  
  104  7:08  Drone x4  
  107  7:13  Extractor  
  107  7:14  Drone x3  
  109  7:16  Drone  
  109  7:17  Glial Reconstitution  
  109  7:18  Zerg Ground Armor Level 1  
  110  7:36  Roach x4  
  112  7:37  Hatchery  
  112  7:39  Overlord x5  
  99  7:53  Extractor  
  99  7:54  Drone x4, Extractor  
  99  7:55  Drone x3  
  99  7:56  Drone x3  
  107  8:05  Infestation Pit  
  94  8:12  Roach x5  
  98  8:22  Metabolic Boost  
  98  8:26  Baneling Nest  
  98  8:27  Zerg Missile Weapons Level 1  
  97  8:34  Drone x11  
  97  8:39  Ravager x2  
  110  8:48  Overlord  
  110  8:50  Roach x7  
  124  8:57  Roach  
  124  8:58  Roach x4  
  126  9:11  Roach x7  
  126  9:13  Zerg Melee Weapons Level 1  
  129  9:19  Overlord, Roach  
  129  9:23  Roach x2  
  124  9:27  Roach  
  124  9:28  Roach x3  
  124  9:30  Roach  
  124  9:37  Ravager x2  
  120  9:38  Zergling x6  
  123  9:49  Ravager x2  
  123  9:52  Zergling x10  
  130  9:57  Queen  
  130  9:58  Queen  
  134  10:08  Ravager x4  
  134  10:10  Zergling x14  
  134  10:12  Overlord  
  145  10:19  Hive  
  127  10:33  Baneling  
  127  10:34  Baneling x10, Queen  
  129  10:38  Zergling x24  
  141  10:50  Extractor, Spore Crawler  
  139  10:57  Drone x3  
  139  10:59  Baneling x2  
  139  11:03  Ravager x5  
  147  11:05  Zergling x16  
  147  11:10  Centrifugal Hooks  
  139  11:39  Hatchery  
  88  11:55  Roach x20  
  128  12:02  Roach  
  128  12:05  Roach x2, Queen x3  
  128  12:07  Roach  
  128  12:08  Roach x2  
  121  12:25  Drone  
  121  12:26  Drone x6, Hatchery  
  127  12:32  Drone x2  
  127  12:33  Extractor  
  128  12:41  Queen, Roach x5  
  113  12:53  Overlord  
  113  12:54  Roach x3  
  113  12:57  Zergling x2  
  99  13:00  Zergling x8  
  79  13:21  Spore Crawler  
  79  13:24  Roach x4  
  84  13:35  Drone x3  
  84  13:38  Overlord x3  
  84  13:40  Drone x3  
  87  13:46  Drone x4  
  90  13:50  Drone x2  
  92  13:57  Drone x5  
  90  14:10  Roach x6  
  102  14:22  Roach x3  
  96  14:29  Ravager x4  
Tags
 
Add a new tag
Caveats
  • Supply blocks, unpowered buildings, or Contaminate may cause inaccurate times.
  • Supply counts are checked every 10 seconds.